 Dungeon Crawl Stone Soup version 0.22-a0-799-g88f5e907b7 (webtiles) character file.

8136 Bapho the Warrior (level 11, 0/132 HPs)
             Began as an Ogre Berserker on July 20, 2018.
             Was an Elder of Trog.
             Succumbed to a queen bee's poison
             ... on level 9 of the Dungeon.
             The game lasted 00:18:58 (10182 turns).

Bapho the Warrior (Ogre Berserker)                 Turns: 10182, Time: 00:18:59

Health: 0/132      AC:  7    Str: 29    XL:     11   Next: 26%
Magic:  11/11      EV: 13    Int:  5    God:    Trog [****..]
Gold:   105        SH:  0    Dex:  8    Spells: 10/10 levels left

rFire    . . .     SeeInvis .   e - +1 giant spiked club
rCold    . . .     Gourm    +   (shield currently unavailable)
rNeg     + . .     Faith    .   G - +0 robe
rPois    .         Spirit   .   (helmet restricted)
rElec    .         Reflect  .   C - +0 cloak
rCorr    .         Harm     .   (gloves unavailable)
MR       +....                  (boots unavailable)
Stlth    +.........             A - amulet of the gourmand
HPRegen  0.32/turn              w - ring of Poymnuir {rN+ AC+3 Str+3 Int-3}
MPRegen  0.12/turn              z - ring of flight

@: lethally poisoned (0 -> -32), berserk cooldown, very slightly contaminated,
slowed, very slow
A: large, unfitting armour, tough skin 1
a: Berserk, Trog's Hand, Brothers in Arms, Renounce Religion, Evoke Flight


You were on level 9 of the Dungeon.
You worshipped Trog.
Trog was greatly pleased with you.
You were very full.

You visited 1 branch of the dungeon, and saw 9 of its levels.

You collected 434 gold pieces.
You spent 329 gold pieces at shops.

Inventory:

Hand Weapons
 a - a +0 mace
 e - a +1 giant spiked club (weapon)
Missiles
 j - 246 stones (quivered)
Armour
 b - a +0 animal skin
 C - a +0 cloak (worn)
 G - a +0 robe (worn)
Jewellery
 d - an uncursed amulet of rage
 v - an uncursed ring of magical power
 w - the ring of Poymnuir (left hand) {rN+ AC+3 Str+3 Int-3}
   (You found it on level 4 of the Dungeon)

   [ring of protection]

   It affects your AC (+3).
   It affects your strength (+3).
   It affects your intelligence (-3).
   It protects you from negative energy.
 z - a ring of flight (right hand)
 A - an amulet of the gourmand (around neck)
 B - an uncursed ring of fire {unknown}
 L - a cursed ring of fire {unknown}
 M - an uncursed ring of poison resistance {unknown}
Wands
 m - a wand of flame (34)
 y - a wand of enslavement (7)
 I - a wand of iceblast (20)
Scrolls
 f - 3 scrolls of noise
 k - 6 scrolls of teleportation
 l - 2 scrolls of magic mapping
 o - 10 scrolls of remove curse
 q - 2 scrolls of fog {unknown}
 D - 2 scrolls of amnesia {unknown}
 F - 2 scrolls of fear {unknown}
 J - a scroll of enchant armour {unknown}
 K - a scroll of identify
Potions
 g - a potion of flight
 h - a potion of cancellation
 i - 2 potions of might
 n - 2 potions of berserk rage
 p - a potion of ambrosia {unknown}
 r - a potion of lignification {unknown}
 s - a potion of agility {unknown}
 t - 3 potions of invisibility
 u - 2 potions of resistance
 x - 4 potions of curing
 E - a potion of brilliance {unknown}
 H - 3 potions of magic {unknown}
Comestibles
 c - 27 rations
 N - 3 chunks of flesh


   Skills:
 * Level 15.3 Fighting
 + Level 8.4 Maces & Flails
 + Level 8.4 Dodging


You had 10 spell levels left.
You didn't know any spells.
Your spell library contained the following spells:

 Spells                   Type           Power        Failure   Level  Hunger
 Apportation              Tloc           #.....       47%         1    ##.....
 Summon Small Mammal      Summ           #...         47%         1    ##.....
 Animate Skeleton         Necr           N/A          47%         1    ##.....
 Confusing Touch          Hex            #.....       47%         1    ##.....


Dungeon Overview and Level Annotations

Branches:
Dungeon (9/15)             Temple (0/1) D:6
   Lair: D:8-11         Orc: D:9-12

Altars:
Dithmenos
Fedhas
Gozag
Hepliaklqana
Makhleb
Nemelex Xobeh
Qazlal
Sif Muna
Trog
Vehumet
Xom
Zin
The Shining One

Shops:
D:5 (   D:7 (   D:8 ?   D:9 *


Innate Abilities, Weirdness & Mutations

You are too large for most types of armour.
You have tough skin. (AC +1)


Message History

You feel extremely sick. The queen bee stings you!
* * * LOW HITPOINT WARNING * * *
You are more poisoned.
The queen bee poisons you! The queen bee stings you!
* * * LOW HITPOINT WARNING * * *
You are more poisoned.
The queen bee poisons you!
You feel better. The queen bee stings you!
* * * LOW HITPOINT WARNING * * *
You are lethally poisoned!
The queen bee poisons you! The queen bee stings you.
* * * LOW HITPOINT WARNING * * *
You are more poisoned.
The queen bee poisons you!
Blink to where?
Press: ? - help, Dir - move target cursor You are very lightly contaminated with residual magic.
As you read the scroll of blinking, it crumbles to dust.
You die... #.. #.....≈≈. #.. #........ #.### #........ #.#y ##.......# #yy

#........# #y#
#........# #§#
#........#
#.########........#
#.@...............#
##############...).
#..... #.....
###### ###.....
#....# #....###
#....# ##.....#
#....# #.....#
#....# #.....+


You could see a queen bee and a killer bee.

Vanquished Creatures
  2 two-headed ogres
  An ugly thing (D:9)
  Psyche (D:8)
  Joseph (D:7)
  4 gargoyles (D:7)
  Grinder (D:4)
  A hippogriff (D:8)
  A spriggan (D:7)
  Sigmund (D:5)
  The ghost of aaaaaaaaaaaaaaaaaa the Cudgeler, an amateur TrCK of Xom (D:4)
  A wraith (D:8)
  2 orc warriors (D:6)
  3 ice beasts
  3 black bears
  2 phantoms
  3 sky beasts
  3 ogres
  2 centaurs
  Blork the orc (D:6)
  A big kobold (D:4)
  5 bullfrogs
  A scorpion (D:4)
  6 killer bees (D:9)
  5 wights (D:7)
  A howler monkey (D:5)
  An electric eel (D:6)
  4 crimson imps
  2 hounds
  2 jellies (D:9)
  7 orc priests
  A bullfrog skeleton (D:6)
  2 iguanas (D:6)
  6 orc wizards
  3 worker ants
  2 hound zombies
  A hound skeleton (D:8)
  2 worker ant zombies (D:6)
  A howler monkey zombie (D:6)
  8 adders
  A shadow imp (D:6)
  2 adder zombies
  2 adder skeletons
  5 worms
  A dart slug (D:1)
  A leopard gecko (D:3)
  22 orcs
  6 bats
  6 giant cockroaches
  2 hobgoblins
  9 jackals
  4 quokkas
  A ball python (D:5)
  3 frilled lizards
  11 goblins
  A jackal skeleton (D:4)
  16 kobolds
  A quokka skeleton (D:7)
  8 rats
197 creatures vanquished.

Vanquished Creatures (others)
  3 plants (D:6)
3 creatures vanquished.

Grand Total: 200 creatures vanquished

Notes
Turn   | Place    | Note
-------+----------+-------------------------------------------
     0 | D:1      | Bapho the Ogre Berserker began the quest for the Orb.
     0 | D:1      | Reached XP level 1. HP: 24/24 MP: 1/1
   493 | D:1      | Reached XP level 2. HP: 21/33 MP: 2/2
  1669 | D:2      | Reached XP level 3. HP: 41/41 MP: 3/3
  1801 | D:2      | Reached skill level 5 in Fighting
  1866 | D:2      | Reached ** piety under Trog
  1929 | D:2      | Found a faded altar of an unknown god.
  2373 | D:2      | Found a shadowy altar of Dithmenos.
  2413 | D:2      | Reached XP level 4. HP: 50/50 MP: 4/4
  2977 | D:3      | Reached XP level 5. HP: 59/59 MP: 5/5
  3060 | D:3      | Reached skill level 6 in Fighting
  3412 | D:4      | Noticed Grinder
  3414 | D:4      | Paralysed by Grinder for 5 turns
  3424 | D:4      | Killed Grinder
  3424 | D:4      | Reached skill level 7 in Fighting
  3424 | D:4      | Reached XP level 6. HP: 71/71 MP: 6/6
  3491 | D:4      | Got a brightly glowing bronze ring
  3511 | D:4      | Identified the ring of Poymnuir {rN+ AC+3 Str+3 Int-3} (You found it on level 4 of the Dungeon)
  3808 | D:4      | Reached XP level 7. HP: 73/78 MP: 7/7
  4001 | D:4      | Reached *** piety under Trog
  4090 | D:4      | Found a runed gate.
  4091 | D:4      | Found a runed gate.
  4091 | D:4      | Found a runed gate.
  4101 | D:4      | Noticed aaaaaaaaaaaaaaaaaa's ghost (amateur TrCK)
  4113 | D:4      | Killed aaaaaaaaaaaaaaaaaa's ghost
  4113 | D:4      | Reached skill level 8 in Fighting
  4681 | D:5      | Entered Level 5 of the Dungeon
  4697 | D:5      | Found a burning altar of Makhleb.
  5050 | D:5      | Reached skill level 9 in Fighting
  5188 | D:5      | Found Ebrujeb's Antique Weapon Shoppe.
  5240 | D:5      | Reached XP level 8. HP: 88/92 MP: 8/8
  5353 | D:5      | Noticed Sigmund
  5362 | D:5      | Killed Sigmund
  5362 | D:5      | Reached skill level 5 in Maces & Flails
  5362 | D:5      | Reached skill level 5 in Dodging
  5473 | D:5      | Found a hazy altar of Hepliaklqana.
  5474 | D:5      | Found a shimmering altar of Xom.
  5475 | D:5      | Noticed a spectral ugly thing
  5516 | D:5      | Reached skill level 10 in Fighting
  6082 | D:6      | Reached skill level 11 in Fighting
  6082 | D:6      | Reached XP level 9. HP: 66/105 MP: 9/9
  6302 | D:6      | Found a glowing golden altar of the Shining One.
  6305 | D:6      | Noticed Blork the orc
  6314 | D:6      | Killed Blork the orc
  6431 | D:6      | Found a stormy altar of Qazlal.
  6474 | D:6      | Found a staircase to the Ecumenical Temple.
  6510 | D:6      | Found a radiant altar of Vehumet.
  6511 | D:6      | Found a glowing silver altar of Zin.
  7047 | D:7      | Found a stormy altar of Qazlal.
  7048 | D:7      | Found a blossoming altar of Fedhas.
  7203 | D:7      | Noticed Joseph
  7217 | D:7      | Killed Joseph
  7217 | D:7      | Reached **** piety under Trog
  7217 | D:7      | Reached skill level 12 in Fighting
  7413 | D:7      | Found Vogotir's Weapon Boutique.
  7825 | D:7      | Noticed a gargoyle
  7833 | D:7      | Killed a gargoyle
  7833 | D:7      | Reached skill level 13 in Fighting
  7833 | D:7      | Reached XP level 10. HP: 119/119 MP: 10/10
  7891 | D:7      | Noticed a gargoyle
  7895 | D:7      | Killed a gargoyle
  7936 | D:7      | Noticed a gargoyle
  7939 | D:7      | Killed a gargoyle
  7947 | D:7      | Noticed a gargoyle
  7957 | D:7      | Killed a gargoyle
  8759 | D:8      | Noticed Psyche
  8770 | D:8      | Killed Psyche
  8770 | D:8      | Reached skill level 14 in Fighting
  8958 | D:8      | Noticed a two-headed ogre
  8965 | D:8      | Killed a two-headed ogre
  9114 | D:8      | Found a sparkling altar of Nemelex Xobeh.
  9175 | D:8      | Found a bloodstained altar of Trog.
  9367 | D:8      | Found Yluoze's Magic Scroll Shop.
  9377 | D:8      | Bought a scroll of noise for 15 gold pieces
  9377 | D:8      | Bought a scroll of remove curse for 45 gold pieces
  9377 | D:8      | Bought a scroll of enchant weapon for 112 gold pieces
  9377 | D:8      | Bought a scroll of blinking for 112 gold pieces
  9377 | D:8      | Bought a scroll of remove curse for 45 gold pieces
  9557 | D:8      | Reached XP level 11. HP: 116/131 MP: 11/11
  9780 | D:8      | Found a deep blue altar of Sif Muna.
  9945 | D:9      | Noticed a red ugly thing
  9954 | D:9      | Killed a red ugly thing
  9954 | D:9      | Reached skill level 15 in Fighting
 10043 | D:9      | Found an opulent altar of Gozag.
 10053 | D:9      | Found Gozag's Platinum Reserve.
 10081 | D:9      | Noticed a two-headed ogre
 10088 | D:9      | Killed a two-headed ogre
 10181 | D:9      | HP: 6/132 [queen bee (15)]
 10182 | D:9      | Succumbed to a queen bee's poison

Vault maps used:
D:1:      minmay_arrival_four_circles
D:2:      grunt_dithmenos_smoke_and_mirrors, chequers_ecumenical_altar_island
D:4:      first_ration, gammafunk_ghost_nasty_kobolds, uniq_grinder
D:5:      regret_index_temple_of_mockery, basic_altar, serial_shops, shop,
          uniq_sigmund
D:6:      tso_metal_star, gammafunk_temple_overflow_statue,
          minmay_temple_entry_nine_rooms, serial_bayou, serial_bayou_lagoon_b,
          serial_bayou_pond_d, nicolae_qazlal_general_emergency,
          uniq_blork_the_orc
D:7:      cheibrodos_statue_roulette, grunt_temple_overflow_forces_of_nature,
          serial_shops, kennysheep_mini, the_bakery, uniq_joseph
D:8:      trog_ov_bears_minmay, lemuel_coloured_pillars_altar,
          nemelex_xobeh_ov_fountains_minmay, serial_shops, shop,
          minmay_stone_trees_small, uniq_psyche
D:9:      nicolae_gozag_zags_fifth_avenue, grunt_lair_entry_orc_guard_hut,
          special_room, dk_vineyard_1

Skill      XL: |  1  2  3  4  5  6  7  8  9 10 11 |
---------------+----------------------------------+-----
Dodging        | 3 4 5 6 8 |  8.4
Maces & Flails | 3 4 5 6 8 |  8.4
Fighting       | 5 7 9 11 13 14 15 | 15.3

Action                   |  1- 3 |  4- 6 |  7- 9 | 10-12 || total
-------------------------+-------+-------+-------+-------++-------
Melee: Mace              |   120 |    92 |   223 |       ||   435
       Giant spiked club |       |       |   120 |   124 ||   244
Throw: Stone             |    72 |    70 |    86 |    73 ||   301
Invok: Berserk           |     1 |     6 |    14 |     8 ||    29
       Trog's Hand       |       |       |     2 |       ||     2
  Use: Scroll            |       |       |     6 |     6 ||    12
       Potion            |       |       |       |     1 ||     1
  Eat: Chunk             |     5 |    11 |    37 |    16 ||    69
Armor: Animal skin       |    34 |    37 |    77 |       ||   148
       Robe              |       |       |    31 |    27 ||    58
Dodge: Dodged            |    77 |    52 |   191 |    80 ||   400

Table legend:
 A = Spawn XP
 B = Non-spawn XP
 C = Spawn XP percentage of total XP
 D = Spawn monster count
 E = Non-spawn monster count
 F = Spawn count percentage of total count
 G = Total turns spent on level
                    A         B        C        D         E        F      G
               +---------+---------+-------+---------+---------+-------+---------
         Total |       0 |   11624 |   0.0 |       0 |     196 |   0.0 | 10182
               +---------+---------+-------+---------+---------+-------+---------
           D:1 |       0 |      31 |   0.0 |       0 |      18 |   0.0 |  1641
           D:2 |       0 |      66 |   0.0 |       0 |      24 |   0.0 |  1080
           D:3 |       0 |      93 |   0.0 |       0 |      16 |   0.0 |   691
           D:4 |       0 |     937 |   0.0 |       0 |      35 |   0.0 |  1269
           D:5 |       0 |     598 |   0.0 |       0 |      11 |   0.0 |   854
           D:6 |       0 |    1083 |   0.0 |       0 |      25 |   0.0 |  1379
           D:7 |       0 |    3725 |   0.0 |       0 |      33 |   0.0 |  1733
           D:8 |       0 |    2803 |   0.0 |       0 |      19 |   0.0 |  1164
           D:9 |       0 |    2288 |   0.0 |       0 |      15 |   0.0 |   371
               +---------+---------+-------+---------+---------+-------+---------
